 Dungeon Crawl Stone Soup version 0.28-a0-1447-ga5a8893891 (webtiles) character file.

Game seed: 6308809435072837297

119364 shadowrider38 the Fighter (level 14, -3/80 HPs)
             Began as a Vine Stalker Earth Elementalist on Jan 12, 2022.
             Was the Champion of Ru.
             Slain by a ghost moth (11 damage)
             ... on level 1 of the Spider Nest.
             The game lasted 02:28:53 (55016 turns).

shadowrider38 the Fighter (VSEE)                   Turns: 55016, Time: 02:28:55

Health: -3/80      AC: 18    Str: 10 (12) XL:     14   Next: 79%
Magic:  0/29       EV: 12    Int: 25 (26) God:    Ru [******]
Gold:   2584       SH:  5    Dex: 12 (13) Spells: 23/33 levels left

rFire   . . .      SeeInvis .   a - +9 mace of Supply {spect, Int+7}
rCold   . . .      Faith    .   j - +0 buckler
rNeg    . . .      Spirit   +   u - +0 steam dragon scales
rPois   +          Reflect  .   J - +2 helmet
rElec   .          Harm     .   O - +2 cloak
rCorr   .          Rampage  .   f - +2 pair of gloves
Will    ++...                   V - +2 pair of boots
Stlth   ++........              K - amulet of magic regeneration
HPRegen 1.03/turn               p - ring of poison resistance
MPRegen 0.61/turn               Y - ring of willpower

@: about to teleport
A: fangs 3, clumsy 1, regeneration 1, magic shield, antimagic bite, no potion
heal 2, hated by all, no fire magic, no hexes magic, no necromancy magic,
unskilled 1, inexperienced 1
a: Renounce Religion, Draw Out Power, Power Leap, Apocalypse


You were on level 1 of the Spider Nest.
You worshipped Ru.
Ru was exalted by your worship.
You visited 6 branches of the dungeon, and saw 26 of its levels.
You also visited: Sewer and Gauntlet.

You collected 3226 gold pieces.
You spent 642 gold pieces at shops.

Inventory:

Hand Weapons
 a - the +9 mace of Supply (weapon) {spect, Int+7}
   (You found it on level 3 of the Dungeon)

   When its wielder attacks, the weapon's spirit leaps out and strikes again.
   The spirit shares a part of any damage it takes with its wielder.
   Int:       It affects your intelligence (+7).
 h - a +5 morningstar of freezing
Missiles
 n - 23 boomerangs
 z - 98 poisoned darts
 F - 9 curare-tipped darts
 S - 7 silver javelins
Armour
 f - a +2 pair of gloves (worn)
 j - a +0 buckler (worn)
 k - a +2 pair of gloves of infusion
 u - +0 steam dragon scales (worn)
 J - a +2 helmet (worn)
 O - a +2 cloak (worn)
 V - a +2 pair of boots (worn)
Jewellery
 m - a +6 ring of strength
 p - a ring of poison resistance (left hand)
 s - a +4 ring of evasion
 D - a ring of flight
 H - a ring of ice
 K - an amulet of magic regeneration (around neck)
 P - a ring of protection from fire
 Q - an amulet of reflection
 X - a +4 ring of protection
 Y - a ring of willpower (right hand)
Wands
 t - a wand of polymorph (19)
 w - a wand of iceblast (10)
 B - a wand of flame (25)
 G - a wand of paralysis (2)
 L - a wand of acid (11)
Scrolls
 b - 2 scrolls of vulnerability
 c - a scroll of brand weapon
 d - 4 scrolls of immolation
 i - 2 scrolls of teleportation
 q - a scroll of torment
 v - a scroll of holy word
 x - 2 scrolls of blinking
 y - 3 scrolls of magic mapping
 A - 2 scrolls of amnesia
 M - 2 scrolls of enchant weapon
 N - 2 scrolls of fear
Potions
 e - 3 potions of attraction
 g - a potion of flight
 l - a potion of resistance
 o - 14 potions of curing
 r - 6 potions of lignification
 C - 3 potions of brilliance
 E - a potion of magic
 I - 2 potions of mutation
 T - a potion of might {unknown}
 U - a potion of berserk rage
 W - a potion of haste
Miscellaneous
 R - a tin of tremorstones (2/2)
 Z - a condenser vane


   Skills:
 - Level 12.0 Fighting
 + Level 10.7 Maces & Flails
 - Level 4.0 Armour
 - Level 4.0 Dodging
 - Level 2.1 Stealth
 - Level 4.0 Shields
 - Level 10.0 Spellcasting
 - Level 12.0 Conjurations
 - Level 2.6 Transmutations
 - Level 12.0 Earth Magic
 - Level 5.0 Evocations


You had 23 spell levels left.
You knew the following spells:

 Your Spells              Type           Power      Damage    Failure   Level
a - Sandblast             Erth           100%       2d20      1%          1
b - Stone Arrow           Conj/Erth      100%       3d13      1%          3
c - Iron Shot             Conj/Erth      32%        9d7       7%          6

Your spell library contained the following spells:

 Spells                   Type           Power      Damage    Failure   Level
 Shock                    Conj/Air       100%       1d9       1%          1
 Passwall                 Tmut/Erth      40%        N/A       1%          2
 Static Discharge         Conj/Air       42%        N/A       1%          2
 Iskenderun's Battlesphe  Conj           64%        2d11      1%          5
 Petrify                  Tmut/Erth      49%        N/A       3%          4
 Ozocubu's Armour         Ice            12%        N/A       19%         3
 Swiftness                Air            12%        N/A       19%         3
 Blade Hands              Tmut           12%        N/A       50%         5
 Airstrike                Air            6%         N/A       52%         4
 Ozocubu's Refrigeration  Ice            6%         4d6       100%        7
 Conjure Flame            Conj/Fire      Unusable   6-21      N/A         3
 Animate Armour           Summ/Erth      Unusable   N/A       N/A         4
 Sticky Flame             Conj/Fire      Unusable   2d6       N/A         4
 Slow                     Hex            Unusable   N/A       N/A         1
 Corpse Rot               Necr/Air       Unusable   N/A       N/A         2
 Ignite Poison            Fire/Tmut/Pois Unusable   N/A       N/A         3
 Confusing Touch          Hex            Unusable   N/A       N/A         3
 Dispel Undead            Necr           Unusable   3d9       N/A         4
 Yara's Violent Unravell  Hex/Tmut       Unusable   3d6       N/A         5
 Silence                  Hex/Air        Unusable   N/A       N/A         5
 Spellforged Servitor     Conj/Summ      Unusable   N/A       N/A         7
 Death Channel            Necr           Unusable   N/A       N/A         6
 Enfeeble                 Hex            Unusable   N/A       N/A         7

Dungeon Overview and Level Annotations

Branches:
Dungeon (15/15) Temple (1/1) D:7 Lair (6/6) D:9 Snake (1/4) Lair:3 Spider (1/4) Lair:4 Slime (0/5) Lair:5 Orc (2/2) D:9 Elf (0/3) Orc:2 Vaults (0/5) D:13 D:14 Depths (0/4) D:15 Sewer (visited) Gauntlet (visited)

Altars:
Ashenzari
Cheibriados
Dithmenos
Elyvilon
Fedhas
Gozag
Hepliaklqana
Kikubaaqudgha
Makhleb
Nemelex Xobeh
Okawaru
Qazlal
Ru
Sif Muna
Trog
Uskayaw
Vehumet
Wu Jian
Xom
Yredelemnul
Zin
The Shining One
Beogh

Shops:
D:2 *   D:5 *   D:14 *   Orc:1 ?   Orc:2 ([!:

Portals:
Trove: D:13 (give 7 potions of haste)

Annotations:
D:2 exclusion: downstairs
D:7 exclusions: hornet and water moccasin
D:8 exclusion: hornet
Lair:5 exclusion: 4 oklob plants
Lair:6 exclusion: obsidian statue
Orc:2 exclusion: upstairs


Innate Abilities, Weirdness & Mutations

You have razor-sharp teeth.
You are clumsy. (Dex -2)
Your natural rate of healing is unusually fast.
When hurt, damage is shared between your health and your magic reserves.
Your bite disrupts and absorbs the magic of your enemies.
Potions cannot restore your health.
You are hated by all.
You cannot study or cast Fire magic.
You cannot study or cast Hexes magic.
You cannot study or cast Necromancy magic.
You are somewhat unskilled. (-1 Apt)
You are somewhat inexperienced. (-2 XL)


Message History

You hit the ghost moth.
The ghost moth is moderately wounded.
The ghost moth stares at you.
You feel your power leaking away. The ghost moth misses you.
You block the ghost moth's attack. The ghost moth closely misses you.
You redirect the ghost moth's attack!
The ghost moth is stunned by your conviction and fails to attack.
You don't have enough magic to cast this spell.
You don't have enough magic to cast this spell.
Unknown command.
You thump the ghost moth! Your bite misses the ghost moth.
The ghost moth is moderately wounded.
The ghost moth completely misses you. The ghost moth hits you.
The ghost moth stings you but does no damage.
You hit the ghost moth. You bite the ghost moth.
The ghost moth's magic leaks into the air.
You drain its magic.
You feel invigorated.
The ghost moth is moderately wounded.
The ghost moth is stunned by your conviction and fails to attack.
You hit the ghost moth.
You bite the ghost moth, but do no damage.
The ghost moth is heavily wounded.
The ghost moth's magic is no longer disrupted.
The ghost moth stares at you.
You feel your power leaking away. The ghost moth hits you!
You feel weakened.
The ghost moth hits you but does no damage.
The ghost moth stings you!
* * * LOW HITPOINT WARNING * * *
Unknown command.
As you read the scroll of teleportation, it crumbles to dust.
You feel strangely unstable. The ghost moth stares at you.
The ghost moth hits you but does no damage.
The ghost moth hits you!
* * * LOW HITPOINT WARNING * * *
The ghost moth stings you!
You die...

###.##.......##.##..
#.######.#.#.#.###
#.# #.#......## ###
##.###...### ###
##...#.....##
#.###...#.#.#.###
#.##..(..####....
##y......#.#.###.#
#@#...............
#####........##[..
###.....## #.
#.###.#####. ..##
##.#.#.. ....
#..##.# .... ##...##
... ##.## ###.#


You could see a ghost moth (invisible, corona).

Vanquished Creatures
  Jorgrun (D:14)
  Rupert (D:14)
  Kirke (D:13)
  An orc warlord (Orc:1)
  2 emperor scorpions (Spider:1)
  A stone giant (D:15)
  2 broodmothers
  Nessos (D:14)
  Azrael (D:14)
  A spark wasp (Spider:1)
  3 dire elephants (Lair:5)
  2 entropy weavers (Spider:1)
  A minotaur (Gauntlet)
  8 hydras
  An ogre mage (D:13)
  5 boulder beetles
  6 centaur warriors
  A radroach (Spider:1)
  A naga warrior (Snake:1)
  An anaconda (Snake:1)
  2 catoblepae (Lair:5)
  Erica (D:9)
  5 two-headed ogres
  9 death yaks
  3 tengu warriors
  2 naga sharpshooters (Snake:1)
  A shock serpent (Snake:1)
  Sonja (D:13)
  A pharaoh ant (Spider:1)
  A naga ritualist (Snake:1)
  3 spectral death yaks (Lair:6)
  A spectral anaconda (Lair:6)
  A sixfirhy (Gauntlet)
  A steelbarb worm (Spider:1)
  7 orc knights
  3 necromancers (Lair:6)
  5 deep elf pyromancers
  3 cyclopes
  7 ugly things
  5 orc sorcerers
  A wolf spider (D:15)
  4 slime creatures (D:13)
  2 salamanders (Snake:1)
  17 elephants
  A manticore (D:13)
  15 black mambas
  A dire elephant zombie (Lair:6)
  2 torpor snails (Spider:1)
  13 cane toads
  3 demonic crawlers (Spider:1)
  A dire elephant skeleton (Lair:6)
  5 rime drakes
  7 komodo dragons
  2 ice devils (Lair:6)
  2 efreet
  4 polar bears
  8 trolls
  3 tarantellas (Spider:1)
  9 blink frogs
  A wolf spider simulacrum (D:15)
  A spectral elephant (Lair:6)
  13 flying skulls (Gauntlet)
  9 jumping spiders
  A centaur simulacrum (D:14)
  2 culicivoras
  2 fire elementals
  39 yaks
  15 humans
  4 wyverns
  8 basilisks
  2 steam dragons
  3 hogs (D:13)
  9 vampire mosquitoes
  13 redbacks
  2 death yak simulacra (Lair:6)
  5 wargs
  4 spectral cane toads (Lair:6)
  5 nagas (Lair:3)
  17 water moccasins
  7 hell hounds
  A water moccasin (shapeshifter) (D:14)
  Pargi (D:3)
  A floating eye (shapeshifter) (D:14)
  35 orc warriors
  2 ice beasts (D:7)
  An elephant zombie (Lair:6)
  4 black bears
  A sky beast (D:4)
  2 necrophages (D:4)
  14 wolves
  3 ogres
  3 elephant skeletons (Lair:6)
  15 centaurs
  A phantom (D:7)
  3 kobold brigands
  16 bullfrogs
  A cane toad simulacrum (Lair:6)
  4 scorpions
  A wyvern zombie (D:7)
  A wyvern skeleton (D:6)
  A water moccasin skeleton (D:6)
  2 elephant simulacra (Lair:6)
  5 killer bees (D:8)
  20 wights
  A howler monkey (D:11)
  6 centaur zombies
  2 jellies
  Crazy Yiuf (D:3)
  4 hounds
  3 bullfrog skeletons
  20 orc priests
  An iguana (D:5)
  Ijyb (D:8)
  24 orc wizards
  5 hell rats
  A killer bee zombie (D:8)
  A mummy (D:6)
  A hound skeleton (D:4)
  A howler monkey zombie (D:9)
  11 adders
  4 gnolls (Orc:1)
  A white imp (D:6)
  2 ufetubi (Gauntlet)
  7 worms
  2 dart slugs
  83 orcs
  4 ball pythons
  3 bats
  7 endoplasms
  6 giant cockroaches
  6 goblins
  10 hobgoblins
  4 jackals
  A quokka (D:5)
  2 frilled lizards (D:1)
  17 kobolds
  2 kobold zombies (D:6)
  2 orc zombies (D:6)
  7 rats
756 creatures vanquished.

Vanquished Creatures (others)
  A hydra (D:15)
  A boulder beetle (Lair:2)
  A death yak (Lair:4)
  An elephant (Lair:4)
  A kobold demonologist (D:13)
  A slime creature (D:13)
  3 yaks
  A human (D:13)
  A spectral cane toad (Lair:6)
  An orc warrior (Lair:1)
  3 centaurs
  A bullfrog (D:7)
  A worm (D:8)
  4 orcs
  3 kobolds (D:13)
  59 fungi
  54 plants
  33 withered plants (Lair:6)
170 creatures vanquished.

Grand Total: 926 creatures vanquished

Notes
Turn   | Place    | Note
-------+----------+-------------------------------------------
     0 | D:1      | shadowrider38 the Vine Stalker Earth Elementalist began the
                  | quest for the Orb.
     0 | D:1      | Reached XP level 1. HP: 9/9 MP: 4/4
   213 | D:1      | Reached skill level 1 in Fighting
   586 | D:1      | Reached XP level 2. HP: 14/14 MP: 6/6
   796 | D:1      | Found a faded altar of an unknown god.
  1169 | D:2      | Found Ecys's Assorted Antiques.
  1393 | D:2      | Found a blossoming altar of Fedhas.
  1413 | D:2      | Reached XP level 3. HP: 15/18 MP: 5/7
  2272 | D:3      | Found a runed translucent door.
  2273 | D:3      | Noticed Crazy Yiuf
  2351 | D:3      | Reached skill level 1 in Shields
  2592 | D:3      | Gained mutation: Your natural rate of healing is unusually
                  | fast. [Vine Stalker growth]
  2592 | D:3      | Reached XP level 4. HP: 23/23 MP: 9/9
  2859 | D:3      | Found a sacrificial altar of Ru.
  2924 | D:3      | Became a worshipper of Ru the Awakened
  2991 | D:3      | Found an ancient bone altar of Kikubaaqudgha.
  3372 | D:4      | Learned a level 3 spell: Stone Arrow
  3395 | D:4      | Found a broken altar of Ashenzari.
  3422 | D:4      | Found a glowing drain.
  3440 | D:4      | Reached XP level 5. HP: 25/26 MP: 6/10
  3551 | Sewer    | Entered a sewer
  3580 | Sewer    | Noticed Pargi
  4041 | D:4      | Noticed a sky beast
  4134 | D:4      | Gained mutation: You are hated by all. [Ru sacrifice]
  4134 | D:4      | Reached * piety under Ru
  4134 | D:4      | Reached ** piety under Ru
  4236 | D:4      | Noticed a necrophage
  4243 | D:4      | Killed a necrophage
  4244 | D:4      | Reached XP level 6. HP: 31/32 MP: 5/11
  4707 | D:4      | Found a radiant altar of Vehumet.
  4715 | D:4      | Found a stormy altar of Qazlal.
  4715 | D:4      | Noticed a necrophage
  4723 | D:4      | Killed a necrophage
  4724 | D:4      | Reached skill level 1 in Conjurations
  4814 | D:4      | Reached XP level 7. HP: 36/37 MP: 10/12
  5181 | D:5      | Entered Level 5 of the Dungeon
  5191 | D:5      | Found Vein's Assorted Antiques.
  6110 | D:5      | Found a shimmering blue altar of Sif Muna.
  6110 | D:5      | Found a sparkling altar of Nemelex Xobeh.
  6166 | D:5      | Found a burning altar of Makhleb.
  6299 | D:5      | Noticed Ijyb
  6966 | D:6      | Gained mutation: You have razor-sharp teeth. [Vine Stalker
                  | growth]
  6966 | D:6      | Reached XP level 8. HP: 42/42 MP: 15/15
  7181 | D:6      | Reached skill level 5 in Earth Magic
  8788 | D:6      | Reached skill level 5 in Fighting
  9553 | D:7      | Reached skill level 1 in Evocations
  9569 | D:7      | Reached XP level 9. HP: 48/48 MP: 10/16
  9921 | D:7      | Found a staircase to the Ecumenical Temple.
 10432 | D:7      | Noticed a komodo dragon
 10447 | D:7      | Killed a komodo dragon
 10893 | D:7      | Noticed a hornet
 10946 | Temple   | Entered the Ecumenical Temple
 11302 | D:7      | Reached skill level 5 in Conjurations
 11676 | D:7      | Reached skill level 5 in Spellcasting
 11892 | D:8      | Killed Ijyb
 12066 | D:8      | Noticed a hornet
 12151 | D:8      | Found a glowing silver altar of Zin.
 12227 | D:8      | Found a hide-covered altar of Uskayaw.
 12726 | D:9      | Found a shadowy altar of Dithmenos.
 12905 | D:8      | Reached XP level 10. HP: 47/56 MP: 14/18
 13058 | D:9      | Found a staircase to the Orcish Mines.
 13091 | D:9      | Found a staircase to the Lair.
 13376 | D:9      | Reached skill level 5 in Evocations
 13725 | D:10     | Entered Level 10 of the Dungeon
 14064 | D:3      | Killed Pargi
 14239 | D:10     | You fall into a shaft and drop 3 floors!
 14239 | D:13     | Noticed an ogre mage
 14239 | D:13     | Noticed a two-headed ogre
 14239 | D:13     | Noticed a two-headed ogre
 14331 | D:10     | Identified the amulet of Gualug {Spirit Rampage Str+3}
 14812 | D:10     | Noticed a two-headed ogre
 14819 | D:10     | Killed a two-headed ogre
 16281 | D:11     | Reached skill level 5 in Maces & Flails
 16717 | Lair:1   | Entered Level 1 of the Lair of Beasts
 16728 | Lair:1   | Gained mutation: You cannot study or cast Fire magic. [Ru
                  | sacrifice]
 16728 | Lair:1   | Gained mutation: You cannot study or cast Hexes magic. [Ru
                  | sacrifice]
 16728 | Lair:1   | Gained mutation: You cannot study or cast Necromancy magic.
                  | [Ru sacrifice]
 16728 | Lair:1   | Reached *** piety under Ru
 16743 | Lair:1   | Noticed a cane toad
 16756 | Lair:1   | Killed a cane toad
 16757 | Lair:1   | Reached XP level 11. HP: 60/60 MP: 9/19
 17256 | Lair:1   | Found a shimmering altar of Xom.
 19637 | Lair:2   | Noticed a boulder beetle
 21652 | Lair:2   | Killed a boulder beetle
 21759 | Lair:3   | Gained mutation: You are somewhat inexperienced. (-2 XL)
                  | [Ru sacrifice]
 21759 | Lair:3   | Reached XP level 10. HP: 56/56 MP: 20/20
 21759 | Lair:3   | Reached XP level 9. HP: 51/51 MP: 19/19
 21759 | Lair:3   | Reached **** piety under Ru
 22116 | Lair:3   | Reached XP level 10. HP: 57/57 MP: 13/20
 23079 | Lair:3   | Noticed a death yak
 23264 | Lair:3   | Noticed a death yak
 23264 | Lair:3   | Noticed a death yak
 23964 | Lair:2   | Reached skill level 10 in Fighting
 24114 | Lair:3   | Found a staircase to the Snake Pit.
 24365 | Lair:3   | Noticed a death yak
 24829 | Lair:3   | Noticed a death yak
 25069 | Lair:4   | Learned a level 6 spell: Iron Shot
 25077 | Lair:4   | Found a gate leading to a gauntlet.
 25101 | Gauntlet | Entered a Gauntlet
 25101 | Gauntlet | Found a transporter.
 25249 | Gauntlet | Found a transporter.
 25251 | Gauntlet | Found a transporter.
 25256 | Gauntlet | Found a runed translucent door.
 25258 | Gauntlet | Found a runed translucent door.
 25261 | Gauntlet | Found a transporter.
 25264 | Gauntlet | Found a transporter.
 25269 | Gauntlet | Noticed a hell beast
 25277 | Gauntlet | Found a transporter.
 25283 | Gauntlet | Found a runed translucent door.
 25290 | Gauntlet | Found a transporter.
 25297 | Gauntlet | Found a transporter.
 25311 | Gauntlet | Found a transporter.
 25335 | Gauntlet | Found a transporter.
 25347 | Gauntlet | Found a runed translucent gate.
 25349 | Gauntlet | Found a transporter.
 25349 | Gauntlet | Found a runed translucent gate.
 25349 | Gauntlet | Found a transporter.
 25350 | Gauntlet | Found a runed translucent gate.
 25394 | Gauntlet | Noticed a catoblepas
 25401 | Gauntlet | Found a transporter.
 25404 | Gauntlet | Found a transporter.
 25830 | Gauntlet | Reached skill level 10 in Maces & Flails
 25981 | Gauntlet | Noticed a minotaur
 26048 | Gauntlet | Killed a minotaur
 26140 | Lair:4   | Gained mutation: You are somewhat unskilled. (-1 Apt) [Ru
                  | sacrifice]
 26140 | Lair:4   | Reached ***** piety under Ru
 26610 | Lair:4   | Found a hole to the Spider Nest.
 26792 | Lair:4   | Reached skill level 10 in Fighting
 26792 | Lair:4   | Reached XP level 11. HP: 63/63 MP: 14/21
 26891 | Lair:4   | Reached skill level 5 in Earth Magic
 26989 | Lair:4   | Found a shimmering blue altar of Sif Muna.
 28621 | Lair:5   | Reached skill level 10 in Maces & Flails
 28809 | Lair:5   | Found a staircase to the Slime Pits.
 28970 | Lair:6   | Entered Level 6 of the Lair of Beasts
 30732 | Lair:5   | Reached skill level 1 in Armour
 33120 | Lair:4   | Reached skill level 5 in Evocations
 33317 | Lair:6   | Reached XP level 12. HP: 66/67 MP: 20/25
 34582 | Lair:6   | Noticed a dire elephant
 34582 | Lair:6   | Noticed a dire elephant
 34915 | Lair:6   | Noticed a dire elephant
 35040 | Lair:5   | Killed a dire elephant
 35730 | Lair:5   | Killed a dire elephant
 36683 | Lair:6   | Got the Handbook of Dusty Beguiling
 37838 | Lair:5   | Killed a dire elephant
 38068 | Lair:4   | Reached skill level 10 in Conjurations
 38571 | Orc:1    | Entered Level 1 of the Orcish Mines
 38571 | Orc:1    | Found Jyfangiabb's Magic Scroll Boutique.
 38571 | Orc:1    | Found a bloodstained altar of Trog.
 38904 | Orc:1    | Noticed Erica
 39022 | D:9      | Killed Erica
 39498 | Orc:1    | Bought a scroll of brand weapon for 320 gold pieces
 39498 | Orc:1    | Bought a scroll of enchant armour for 120 gold pieces
 39947 | Orc:2    | Entered Level 2 of the Orcish Mines
 40741 | Orc:2    | Reached skill level 10 in Earth Magic
 40885 | Orc:2    | Reached XP level 13. HP: 65/72 MP: 11/26
 41076 | Orc:2    | Paralysed by an orc sorcerer for 6 turns
 41427 | D:3      | Killed Crazy Yiuf
 41431 | D:3      | Identified the +9 mace of Supply {spect, Int+7}
 41432 | D:3      | Identified the +4 mace of Cocytus {flame, rC+ Stlth+}
 41966 | Orc:2    | Found Eceber's Book Shoppe.
 42059 | Orc:2    | Found Zuosmeke's Distillery.
 42181 | Orc:2    | Noticed an orc warlord
 42563 | Orc:2    | Found a staircase to the Elven Halls.
 42620 | Orc:2    | Found Lilafowo's Antique Armour Boutique.
 42622 | Orc:2    | Found Foenuc's Antique Weapon Shop.
 42649 | Orc:2    | Bought a pair of embroidered gloves for 202 gold pieces
 42730 | Orc:1    | Killed an orc warlord
 45272 | D:13     | Noticed Sonja
 45281 | D:13     | Killed Sonja
 45431 | D:13     | Found a portal to a secret trove of treasure.
 45547 | D:13     | Noticed Kirke
 45570 | D:13     | Killed Kirke
 45585 | D:13     | Gained mutation: You are clumsy. (Dex -2) [Ru sacrifice]
 45585 | D:13     | Reached ****** piety under Ru
 45678 | D:14     | Noticed Rupert
 45678 | D:14     | Noticed Nessos
 45678 | D:14     | Found a gate to the Vaults.
 47474 | D:14     | Killed Nessos
 47913 | D:14     | Killed Rupert
 48185 | D:14     | Noticed Jorgrun
 48244 | D:14     | Killed Jorgrun
 48352 | D:14     | Noticed Azrael
 48418 | D:13     | Reached XP level 14. HP: 72/80 MP: 17/27
 48483 | D:14     | Killed Azrael
 48813 | D:14     | Found Zifraugh's Assorted Antiques.
 48956 | D:15     | Entered Level 15 of the Dungeon
 49866 | D:15     | Found a staircase to the Depths.
 50268 | Snake:1  | Entered Level 1 of the Snake Pit
 50716 | Snake:1  | Reached skill level 10 in Spellcasting
 51591 | Spider:1 | Entered Level 1 of the Spider Nest
 55016 | Spider:1 | Slain by a ghost moth

Illustrated notes

Levels and vault maps discovered:
D:1:      erik_arrival_triangle_huge, layout_loops_ring,
          shapermc_ecumenical_altar_flowoftime
D:2:      layout_loops_cross, serial_shops, shop, basic_altar
D:3:      layout_rooms, nicolae_ru_path_of_blood, mainiacjoe_overflow_brackets,
          minmay_misc_feat_plants, uniq_crazy_yiuf_cottage
D:4:      layout_layer_cave, lemuel_doored_altar, grunt_temple_overflow_diamond,
          gup_sewer_entry_glass
D:5:      nicolae_BIG_FREAKIN_CUBE, layout_layer_cave, lemuel_tele_altar,
          gammafunk_temple_overflow_wave, serial_shops, shop, nicolae_wormholes,
          uniq_ijyb
D:6:      layout_basic, st_stairs_5, minmay_mini_ossuary
D:7:      layout_cave_pods, minmay_temple_entry_sparse_star,
          nicolae_elevator_lobby_asterisk
D:8:      layout_rooms, zin_statuary, overflow_temple_1_default, minivault_5,
          lemuel_old_faithful
D:9:      layout_rooms, mainiacjoe_overflow_catwalk, lair_entry_dummy,
          orc_0_dummy
D:10:     layout_gridville
D:11:     layout_big_octagon
D:12:     layout_rooms, minmay_diamond_spiral
D:13:     layout_rooms, nicolae_trove_entry_columns, lemuel_flamethrower_hall,
          uniq_kirke, uniq_sonja
D:14:     layout_loops_cross, david_vaults_3, special_room
          [special_room_mythical_zoo], serial_shops, nicolae_take_the_stairs,
          nzn_hepliaklqana_mist_gate, uniq_jorgrun, uniq_rupert, uniq_azrael
D:15:     grunt_enter_depths_snipers, layout_basic, corexii_checkpoint_a
Temple:   zaba_magenta_temple
Lair:1:   layout_cave_pods, basic_altar
Lair:2:   beast_lair_carwin_large_2, layout_cave_pods, grunt_megastairs_4
Lair:3:   layout_regular_city, minmay_snake_entry_guardpost_medium
Lair:4:   layout_cave_pods, spider_nest_entry_a, gauntlet_entry_generic,
          basic_altar, serial_bayou_pond_e, infiniplex_staircase_pool,
          grunt_megastairs_5
Lair:5:   layout_gridlike, minmay_slime_entry_oklob_open, wad_woods_road_03,
          lemuel_fruit_fields
Lair:6:   due_jungle_book, layout_regular_city, portal_ice_cave_demonic_guard
Snake:1:  layout_layer_cave, grunt_ministairs_15
Spider:1: layout_chambers, nicolae_spider_some_kinda_spiderbox
Orc:1:    layout_diamond_mine, basic_altar, serial_shops,
          nicolae_shop_hallway_plus, uniq_erica
Orc:2:    grunt_orc_community_town_hall, layout_caves,
          grunt_orc_community_big_house_1, grunt_orc_community_big_house_2,
          grunt_orc_community_house_2, grunt_orc_community_house_3,
          grunt_orc_community_house_2, grunt_orc_community_house_1, basic_altar

Skill      XL: |  1  2  3  4  5  6  7  8  9 10 11 12 13 14 |
---------------+-------------------------------------------+-----
Fighting       | 1 2 3 4 6 7 10 12 | 12.0
Spellcasting   | 3 4 5 6 8 10 | 10.0
Shields        | 1 2 4 3 4 |  4.0
Transmutations | 2 3 2 |  2.6
Dodging        | 2 3 4 |  4.0
Conjurations   | 2 3 5 7 8 10 11 12 | 12.0
Earth Magic    | 4 5 4 5 10 11 12 | 12.0
Evocations     | 2 4 4 5 |  5.0
Maces & Flails | 9 10 | 10.7
Armour         | 4 |  4.0
Stealth        | |  2.1

Action                   |  1- 3 |  4- 6 |  7- 9 | 10-12 | 13-15 || total
-------------------------+-------+-------+-------+-------+-------++-------
Melee: Unarmed           |    59 |       |    11 |       |       ||    70
       Bite              |    23 |    38 |    95 |   274 |   223 ||   653
       Dagger            |    35 |       |       |       |       ||    35
       Punch             |     2 |       |       |       |       ||     2
       Mace              |    24 |    24 |       |       |   547 ||   595
       Short sword       |       |    88 |       |       |       ||    88
       War axe           |       |    25 |   129 |       |       ||   154
       Scimitar          |       |       |   141 |       |       ||   141
       Morningstar       |       |       |    56 |   736 |    24 ||   816
Throw: Boomerang         |       |     5 |       |     1 |       ||     6
       Dart              |       |       |       |    16 |     5 ||    21
       Javelin           |       |       |       |     4 |     3 ||     7
 Cast: Sandblast         |     9 |    22 |    23 |       |       ||    54
       Stone Arrow       |       |       |     8 |   588 |   274 ||   870
       Iron Shot         |       |       |       |       |    24 ||    24
Invok: Sacrifice Love    |       |     1 |       |       |       ||     1
       Reject Sacrifices |       |       |     1 |     1 |       ||     2
       Sacrifice Experie |       |       |     1 |       |       ||     1
       Sacrifice Arcana  |       |       |       |     1 |       ||     1
       Sacrifice Skill   |       |       |       |     1 |       ||     1
       Power Leap        |       |       |       |     2 |     1 ||     3
       Draw Out Power    |       |       |       |       |     1 ||     1
       Sacrifice Purity  |       |       |       |       |     1 ||     1
Evoke: Tin of tremorston |       |       |       |     2 |       ||     2
       Wand              |       |       |       |    17 |     2 ||    19
  Use: Scroll            |       |     1 |    12 |    21 |    12 ||    46
       Potion            |       |       |       |     5 |       ||     5
 Stab: Sleeping          |     5 |     2 |     1 |     1 |     4 ||    13
       Distracted        |     1 |     1 |     1 |     2 |    10 ||    15
       Invisible         |       |       |       |    10 |     3 ||    13
       Paralysed         |       |       |       |       |     2 ||     2
Armor: Robe              |    31 |    18 |       |    10 |       ||    59
       Leather armour    |       |     2 |    70 |     1 |       ||    73
       Skin              |       |       |     2 |    20 |       ||    22
       Steam dragon scal |       |       |     1 |   237 |   211 ||   449
Dodge: Dodged            |    84 |    77 |   245 |   742 |   411 ||  1559
Block: Buckler           |     2 |    30 |   119 |   217 |   260 ||   628
       Reflection        |       |       |       |       |    20 ||    20

Table legend: (Time is in decaauts)
 A = Elapsed time spent in this place.
 B = Non-inter-level travel time spent in this place.
 C = Inter-level travel time spent in this place.
 D = Time resting spent in this place.
 E = Time spent auto-exploring this place.
 F = Levels seen in this place.
 G = Mean time per level.
                   A        B        C        D        E       F      G
               +--------+--------+--------+--------+--------+-----+--------+
         Total |  55517 |  51903 |   3614 |  24070 |  15881 |  28 | 1982.8 |
       Dungeon |  25617 |  23186 |   2431 |   8670 |   9344 |  15 | 1707.8 |
        Temple |     73 |     55 |     18 |      0 |     50 |   1 |   73.0 |
          Lair |  22477 |  21441 |   1036 |  11850 |   4600 |   6 | 3746.2 |
     Snake Pit |    822 |    785 |     37 |    517 |    141 |   1 |  822.0 |
   Spider Nest |   2339 |   2339 |      0 |   1284 |    662 |   1 | 2339.0 |
  Orcish Mines |   3131 |   3041 |     90 |   1311 |    816 |   2 | 1565.5 |
         Sewer |     64 |     64 |      0 |      0 |     30 |   1 |   64.0 |
      Gauntlet |    990 |    990 |      0 |    438 |    236 |   1 |  990.0 |
               +--------+--------+--------+--------+--------+-----+--------+

Top non-repeatable levels by time:
  Lair:6: 5692 daAuts
  Lair:4: 4241 daAuts
  Lair:3: 3923 daAuts
  Lair:5: 3495 daAuts
    D:13: 2852 daAuts
     D:7: 2745 daAuts
  Lair:2: 2573 daAuts
  Lair:1: 2552 daAuts
Spider:1: 2339 daAuts
     D:5: 2260 daAuts
     D:6: 2118 daAuts
     D:4: 2061 daAuts
   Orc:2: 1954 daAuts
     D:9: 1952 daAuts
    D:14: 1663 daAuts
